 Dungeon Crawl Stone Soup version 0.27.1-1-g398f81649c (webtiles) character file.

Game seed: 10796010974867243216

246 angelmind the Digger (level 6, -9/44 HPs)
             Began as a Formicid Earth Elementalist on Sept 10, 2021.
             Was an Initiate of Nemelex Xobeh.
             Mangled by a centaur (12 damage)
             ... on level 5 of the Dungeon.
             The game lasted 00:24:09 (6616 turns).

angelmind the Digger (Formicid Earth Elementalist)  Turns: 6616, Time: 00:24:11

Health: -9/44      AC:  3    Str: 13    XL:     6   Next: 33%
Magic:  6/10       EV: 12    Int: 16    God:    Nemelex Xobeh [......]
Gold:   31         SH:  0    Dex: 11    Spells: 1/11 levels left

rFire    + . .     SeeInvis +   r - +0 trident (flame)
rCold    . . .     Faith    .   (no shield)
rNeg     . . .     Spirit   .   b - +0 robe
rPois    .         Reflect  .   (helmet unavailable)
rElec    .         Harm     .   (no cloak)
rCorr    .         Rampage  .   g - +0 pair of gloves
Will     +....                  (no boots)
Stlth    ++........             n - amulet of the acrobat
HPRegen  0.14/turn              d - ring of protection from fire
MPRegen  0.12/turn              o - ring of willpower

@: no status effects
A: permanent stasis, dig shafts and tunnels, antennae 3, four strong arms
a: Dig, Shaft Self, Renounce Religion, Draw Escape, Draw Destruction, Draw
Summoning


You were on level 5 of the Dungeon.
You worshipped Nemelex Xobeh.
Nemelex Xobeh was noncommittal.
You visited 2 branches of the dungeon, and saw 8 of its levels.

You collected 143 gold pieces.
You spent 112 gold pieces at shops.

Inventory:

Hand Weapons
 a - a +0 mace
 e - a +0 short sword
 k - a +0 war axe
 r - a +0 trident of flaming (weapon)
Missiles
 c - 107 stones (quivered)
 j - 61 sling bullets
 t - 47 arrows
 x - 10 poisoned darts
Armour
 b - a +0 robe (worn)
 g - a +0 pair of gloves (worn)
Jewellery
 d - a ring of protection from fire (left hand)
 i - a ring of resist corrosion
 n - an amulet of the acrobat (around neck)
 o - a ring of willpower (right hand)
Wands
 w - a wand of mindburst (12)
Scrolls
 l - a scroll of amnesia
 m - a scroll of magic mapping
 p - a scroll of immolation
 s - a scroll of teleportation {unknown}
Potions
 f - a potion of magic {unknown}
 h - 3 potions of haste
 q - 2 potions of heal wounds
 u - a potion of might
 v - a potion of curing
 z - a potion of resistance {unknown}


   Skills:
 - Level 2.0 Fighting
 - Level 0.5(1.1) Axes
 - Level 1.0(1.1) Maces & Flails
 - Level 0.9(1.0) Polearms
 - Level 1.2 Throwing
 - Level 2.0 Dodging
 - Level 2.4 Stealth
 - Level 3.2 Spellcasting
 + Level 0.7 Conjurations
 + Level 1.6 Transmutations
 * Level 5.5 Earth Magic


You had one spell level left.
You knew the following spells:

 Your Spells              Type           Power      Damage    Failure   Level
a - Sandblast             Erth           40%        2d10      1%          1
b - Passwall              Tmut/Erth      11%        N/A       6%          2
c - Stone Arrow           Conj/Erth      24%        3d8       16%         3
d - Petrify               Tmut/Erth      14%        N/A       38%         4

Your spell library contained the following spells:

 Spells                   Type           Power      Damage    Failure   Level
 Ozocubu's Armour         Ice            2%         N/A       50%         3
 Metabolic Englaciation   Hex/Ice        1%         N/A       99%         5
 Simulacrum               Ice/Necr       1%         N/A       100%        6


Dungeon Overview and Level Annotations

Branches:
Dungeon (7/15)             Temple (1/1) D:4

Altars:
Ashenzari
Cheibriados
Fedhas
Hepliaklqana
Makhleb
Nemelex Xobeh
Trog
Zin
The Shining One

Shops:
D:4 *!

Annotations:
D:2 Jessica
D:3 Natasha
D:4 2 transporters, H0rd4k's ghost, amateur OpTm
D:5 1 runed translucent door, Edmund


Innate Abilities, Weirdness & Mutations

You cannot be hasted, slowed, berserked, paralysed or teleported.
You can dig through walls and to a lower floor.
You have a pair of large antennae on your head. (SInv)
Your four strong arms can wield two-handed weapons with a shield.


Message History

The blast of sand hits the centaur.
The centaur is heavily wounded.
c - 110 stones The centaur barely misses you.
The centaur completely misses you.
Casting: Sandblast (safe; 1% risk of failure)
Confirm with . or Enter, or press ? or * to list all spells.
Aiming: Sandblast (safe; 1% risk of failure)
Press: ? - help, Shift-Dir - straight line, f/p - centaur
Aim: a centaur, wielding a +0 mace and quivering arrows (heavily wounded, 88% to hit)
The blast of sand hits the centaur.
The centaur is heavily wounded.
c - 109 stones The centaur drinks a potion.
The centaur is healed!
The centaur closely misses you.
The centaur kicks you but does no damage.
Casting: Sandblast (safe; 1% risk of failure)
Confirm with . or Enter, or press ? or * to list all spells.
Aiming: Sandblast (safe; 1% risk of failure)
Press: ? - help, Shift-Dir - straight line, f/p - centaur
Aim: a centaur, wielding a +0 mace and quivering arrows (88% to hit)
The blast of sand hits the centaur.
The centaur is moderately wounded.
c - 108 stones The centaur hits you with a +0 mace.
The centaur kicks you but does no damage.
Casting: Sandblast (safe; 1% risk of failure)
Confirm with . or Enter, or press ? or * to list all spells.
Aiming: Sandblast (safe; 1% risk of failure)
Press: ? - help, Shift-Dir - straight line, f/p - centaur
Aim: a centaur, wielding a +0 mace and quivering arrows (moderately wounded, 88% to hit)
The blast of sand hits the centaur.
The centaur is heavily wounded.
c - 107 stones The centaur hits you with a +0 mace!
* * * LOW HITPOINT WARNING * * *
The centaur kicks you.
* * * LOW HITPOINT WARNING * * *
The centaur hits you with a +0 mace!
You die...
Your body disappears without a glow.

#.#.#.#.#.#.#.##..####...###....#
#.#.#.#.#.#.#.##..# #..........#
. ....#.#.#.#.....## #).........#
..#...#.#.#......###..........#
...$......#.......##...#......#
........###.......#....#......#
........# #.......#...##...####
.#......# #..c........##...# #
#......+ #.##@.......###### #
+.....<# #.##......#.# ######
#......# #.##....#.#.# #.....
......... #.#######.#.# #.....
###########.......c.#.# #.....
###...##....#########
##########...'.............#
#............##.#..#######.#
#........#.####.##># #..


You could see a centaur.

Vanquished Creatures
  A scorpion (D:5)
  A water moccasin skeleton (D:5)
  2 gnolls
  5 adders
  2 ufetubi
  2 dart slugs
  9 bats
  4 endoplasms
  A giant cockroach (D:1)
  6 goblins
  4 hobgoblins
  4 jackals (D:1)
  4 kobolds
  2 quokkas
  5 ball pythons
  6 frilled lizards
  5 rats
63 creatures vanquished.

Notes
Turn   | Place    | Note
-------+----------+-------------------------------------------
     0 | D:1      | angelmind the Formicid Earth Elementalist began the quest
                  | for the Orb.
     0 | D:1      | Reached XP level 1. HP: 13/13 MP: 3/3
   784 | D:1      | Reached XP level 2. HP: 14/20 MP: 5/5
  1631 | D:1      | Reached skill level 1 in Fighting
  1638 | D:1      | Reached XP level 3. HP: 18/26 MP: 1/6
  1639 | D:1      | Reached skill level 4 in Earth Magic
  1694 | D:1      | Learned a level 2 spell: Passwall
  1698 | D:1      | Learned a level 3 spell: Stone Arrow
  2594 | D:2      | Reached XP level 4. HP: 32/33 MP: 6/8
  2674 | D:2      | Noticed Jessica
  2743 | D:3      | Reached skill level 1 in Throwing
  3431 | D:2      | Found a faded altar of an unknown god.
  3642 | D:2      | Reached skill level 1 in Maces & Flails
  4061 | D:3      | Noticed Natasha
  4424 | D:4      | Found Jeleleaq's General Store.
  4434 | D:4      | Bought a scroll of amnesia for 38 gold pieces
  4434 | D:4      | Bought a scroll of magic mapping for 38 gold pieces
  4484 | D:5      | Entered Level 5 of the Dungeon
  4486 | D:5      | Reached XP level 5. HP: 35/38 MP: 7/9
  4697 | D:4      | Found Ziuv's Distillery.
  4730 | D:4      | Found a staircase to the Ecumenical Temple.
  4731 | D:4      | Found a transporter.
  4744 | D:4      | You fall into a shaft and drop 3 floors!
  5093 | D:6      | Noticed an ogre
  5368 | D:5      | Noticed Edmund
  5538 | D:4      | Found a transporter.
  5545 | D:4      | Bought a potion of curing for 36 gold pieces
  5556 | D:4      | Reached skill level 5 in Earth Magic
  5580 | Temple   | Entered the Ecumenical Temple
  5850 | Temple   | Became a worshipper of Nemelex Xobeh the Trickster
  5933 | D:4      | Learned a level 4 spell: Petrify
  5965 | D:4      | Noticed H0rd4k's ghost (amateur OpTm)
  5966 | D:4      | Noticed a black bear
  6161 | D:5      | Reached XP level 6. HP: 32/44 MP: 5/10
  6287 | D:5      | Found a runed translucent door.
  6616 | D:5      | Mangled by a centaur

Illustrated notes

Levels and vault maps discovered:
D:1:      matt_arrival_refuge, layout_basic, minmay_misc_feat_chi
D:2:      layout_basic, basic_ecumenical_altar, kennysheep_generic_room_14,
          uniq_crazy_yiuf_cottage, uniq_jessica
D:3:      layout_loops_ring, uniq_natasha
D:4:      layout_gridville, minmay_temple_entry_junction, gammafunk_ghost_arena,
          serial_shops, shop, shop_fountains, shop, chequers_garden
D:5:      layout_basic, ebering_ghost_reflecting_pool, uniq_edmund
D:6:      wad_pebble_path, layout_gridville, mainiacjoe_overflow_catwalk,
          minmay_overflow_temple_star_hex, minmay_starry_boxes, uniq_grinder
D:7:      kennysheep_slugbush, layout_cave_pods, mainiacjoe_overflow_alcove_2,
          nicolae_gozag_cash_rules_everything_around_me, uniq_prince_ribbit1,
          uniq_menkaure
Temple:   grunt_temple_mini_profane

Skill      XL: |  1  2  3  4  5 |
---------------+----------------+-----
Fighting       | 1 2 |  2.0
Earth Magic    | 4 5 |  5.5
Throwing       | 1 |  1.2
Spellcasting   | 3 |  3.2
Maces & Flails | 1 |  1.0
Dodging        | 2 |  2.0
Axes           | |  0.5
Polearms       | |  0.9
Stealth        | |  2.4
Conjurations   | |  0.7
Transmutations | |  1.6

Action                   |  1- 3 |  4- 6 || total
-------------------------+-------+-------++-------
Melee: Mace              |    86 |    52 ||   138
       War axe           |       |    35 ||    35
       Trident           |       |    10 ||    10
Throw: Stone             |    23 |    29 ||    52
 Cast: Sandblast         |    13 |    28 ||    41
  Use: Scroll            |       |     6 ||     6
Armor: Robe              |    35 |    41 ||    76
Dodge: Dodged            |    98 |   113 ||   211
